 Dungeon Crawl Stone Soup version 0.20-a0-351-gc9b4002 (webtiles) character file.

80022 Dharzhak the Peltast (level 15, 0/135 HPs)
             Began as a Minotaur Fighter on Dec 26, 2016.
             Was an Initiate of Gozag.
             Killed from afar by Nikola (7 damage)
             ... with a chain lightning
             ... on level 1 of the Spider Nest on Dec 27, 2016.
             The game lasted 02:17:38 (27799 turns).

Dharzhak the Peltast (Minotaur Fighter)            Turns: 27799, Time: 02:17:38

Health: 0/135      AC: 33    Str: 28 (29) XL:     15   Next: 22%
Magic:  20/20      EV:  8    Int:  5      God:    Gozag
Gold:   1983       SH: 30    Dex: 24      Spells: 3/22 levels left

rFire  + + .     SeeInvis .     D - +6 falchion of the Doomed Warrior {freeze, rF++ MR- Dex+4}
rCold  + + .     Gourm    .     T - +2 crystal plate armour
rNeg   . . .     Faith    .     A - +0 large shield
rPois  +         Spirit   .     (helmet restricted)
rElec  +         Reflect  +     Q - +0 cloak {+Inv}
rCorr  +         Harm     .     x - +0 pair of gloves
MR     .....                    (no boots)
Stlth  ..........               V - amulet "Nedweeti" {Reflect rF- Str+8 Dex+4 SH+3}
                                N - ring of resist corrosion
                                I - +5 ring of protection

@: resistant, flying, very slightly contaminated, hasted, very quick
A: retaliatory headbutt, horns 2, large bone plates 1, rugged brown scales 1,
blurry vision 1, cold resistance 1, deterioration 1, poison resistance, shaggy
fur 1, sturdy frame 1
a: Potion Petition, Call Merchant, Bribe Branch, Renounce Religion, Evoke
Invisibility


You were on level 1 of the Spider Nest.
You worshipped Gozag.
Gozag was most pleased with you.
You were hungry.

You visited 5 branches of the dungeon, and saw 22 of its levels.
You also visited: Labyrinth and Bailey.

You collected 7191 gold pieces.
You spent 4099 gold pieces at shops.
You paid 1109 gold pieces to Gozag.

Inventory:

Hand Weapons
 e - a +1 broad axe of chopping
 C - a +2 war axe of flaming
 D - the +6 falchion of the Doomed Warrior (weapon) {freeze, rF++ MR- Dex+4}
   (You found it on level 11 of the Dungeon)

   It has been specially enchanted to freeze those struck by it, causing extra
   injury to most foes and up to half again as much damage against particularly
   susceptible opponents.
   It can also slow down cold-blooded creatures.
   It affects your dexterity (+4).
   It greatly protects you from fire.
   It affects your resistance to hostile enchantments.
 K - the +12 hand crossbow of Yssibrys {elec, +Blink rPois Str-3 Dex+5}
   (You found it on level 2 of the Lair of Beasts)

   It charges the ammunition it shoots with electricity; occasionally upon a
   hit, such missiles may discharge and cause terrible harm.
   It affects your strength (-3).
   It affects your dexterity (+5).
   It protects you from poison.
   It lets you blink.
Missiles
 a - 5 exploding tomahawks (quivered)
 P - 33 bolts
Armour
 x - a +0 pair of gloves (worn)
 A - a +0 large shield (worn)
 Q - a +0 cloak of invisibility (worn)
 S - +1 fire dragon scales
 T - a +2 crystal plate armour (worn)
 U - a +3 plate armour of cold resistance
Jewellery
 l - a +3 ring of protection
 w - an uncursed ring of see invisible
 G - an uncursed ring of protection from magic
 I - a +5 ring of protection (left hand)
 L - a +5 ring of slaying
 N - a ring of resist corrosion (right hand)
 V - the amulet "Nedweeti" (around neck) {Reflect rF- Str+8 Dex+4 SH+3}
   (You found it in a labyrinth)

   [amulet of reflection]

   It shields you and reflects attacks.
   It affects your strength (+8).
   It affects your dexterity (+4).
   It makes you vulnerable to fire.
   It affects your SH (+3).
Wands
 b - a wand of digging (21/24)
 M - a wand of slowing (19/48)
 O - a wand of enslavement (11/24)
Scrolls
 h - 9 scrolls of remove curse
 i - 4 scrolls of torment
 k - 3 scrolls of immolation
 q - a scroll of silence {unknown}
 r - 11 scrolls of teleportation
 y - 4 scrolls of blinking
 E - 2 scrolls of fog
 R - 2 scrolls of magic mapping
 Z - a scroll of summoning
Potions
 c - 4 potions of cancellation
 d - 2 potions of might
 j - 3 potions of brilliance
 m - 4 potions of invisibility
 n - 10 potions of flight
 p - 3 potions of haste
 s - a potion of berserk rage
 u - 2 potions of ambrosia
 v - 5 potions of agility
 F - a potion of resistance
 H - 7 potions of curing
 W - a potion of magic
 Y - a potion of cure mutation
Books
 J - a book of Frost

   Spells                             Type                      Level
   a - Freeze                         Ice                          1
   b - Throw Frost                    Conjuration/Ice              2
   c - Ozocubu's Armour               Charms/Ice                   3
   d - Throw Icicle                   Conjuration/Ice              4
   e - Summon Ice Beast               Ice/Summoning                4
 X - Tawostaj's Compendium of Poisonous Weightlessness
   (You found it on level 10 of the Dungeon)

   Spells                             Type                      Level
   a - Swiftness                      Charms/Air                   2
   b - Mephitic Cloud                 Conjuration/Poison/Air       3
   c - Spider Form                    Transmutation/Poison         3
   d - Alistair's Intoxication        Transmutation/Poison         5
Comestibles
 f - 9 bread rations
 o - 4 meat rations
 t - 11 slices of pizza
 z - 11 beef jerkies


   Skills:
 + Level 12.0 Fighting
 + Level 7.0 Long Blades
 + Level 14.9(15.1) Axes
   Level 3.9(10.7) Maces & Flails
 + Level 5.7 Crossbows
 + Level 1.9 Throwing
 + Level 12.0 Armour
 + Level 4.2 Dodging
 + Level 3.7 Stealth
 + Level 16.3 Shields
 + Level 2.0 Unarmed Combat
 * Level 4.1 Spellcasting
 * Level 4.2 Charms
 + Level 0.3 Evocations


You had 3 spell levels left.
You knew the following spells:

 Your Spells              Type           Power        Failure   Level  Hunger
a - Infusion              Chrm           #...         100%        1    ##.....
b - Shroud of Golubria    Chrm/Tloc      #.........   100%        2    ###....
c - Song of Slaying       Chrm           #.......     100%        2    ###....
d - Spectral Weapon       Hex/Chrm       #.......     100%        3    ####...
e - Regeneration          Chrm/Necr      #.........   100%        3    ####...
f - Repel Missiles        Chrm/Air       #.....       100%        2    ###....
g - Deflect Missiles      Chrm/Air       #.........   100%        6    #######


Dungeon Overview and Level Annotations

Branches:
Dungeon (12/15)            Temple (1/1) D:6            Lair (6/6) D:11
  Swamp (0/4) Lair:4       Spider (1/4) Lair:3        Slime (0/5) Lair:6
    Orc (2/2) D:12            Elf (0/3) Orc:2

Altars:
Ashenzari
Cheibriados
Dithmenos
Elyvilon
Fedhas
Gozag
Hepliaklqana
Kikubaaqudgha
Makhleb
Nemelex Xobeh
Okawaru
Qazlal
Ru
Sif Muna
Trog
Uskayaw
Vehumet
Xom
Yredelemnul
Zin
The Shining One
Jiyva

Shops:
D:5 }   D:8 [   D:10 ?   Orc:2 !![!

Annotations:
Spider:1 Nikola


Innate Abilities, Weirdness & Mutations

You reflexively headbutt those who attack you in melee.
You have a pair of horns on your head.
You are partially covered in large bone plates. (SH +4)
You are partially covered in rugged brown scales. (AC +1, +3% HP)
Scrolls take you a little longer to read.
Your flesh is cold resistant. (rC+)
Your body sometimes deteriorates upon taking damage.
Your system is resistant to poisons. (rPois)
You are covered in fur. (AC +1)
Your movements are slightly less encumbered by armour. (ER -2)


Message History

* * * LOW HITPOINT WARNING * * *
The lightning arc hits Nikola.
The lightning arc hits you!
* * * LOW HITPOINT WARNING * * *
The lightning arc hits Nikola. [a] - 312 gold - might, agility and brilliance [b] - 360 gold - might, agility and brilliance [c] - 667 gold - resistance, flight and haste Purchase which effect?
You feel protected.
You feel very buoyant.
You fly up into the air.
You feel as though your hastened speed will last longer.
Nikola gestures wildly while chanting.
You hear a mighty clap of thunder!
The lightning arc hits you! You resist.
* * * LOW HITPOINT WARNING * * *
The lightning arc hits Nikola.
The lightning arc hits you! You resist.
* * * LOW HITPOINT WARNING * * *
The lightning arc hits Nikola.
The lightning arc hits you! You resist.
You die...
Your body crumbles into a pile of gold.

#### ##.......## #..#
#####..[...#..## #..##
#...#...#..##..## ##..##
##..##..#.(.##..# ##..#
#..##...##..##... #..## ##
##..###..##..##.. #..##
###.###......###..###.
#...## #.....##.....##..##
#. #....#
#(...@.#####..#^.## ##
###..##.....##@...^.#..##..#
# ##..#(.(#####.....####..##
# #...##.##.####.#....##..#
#..#####..#.#####....#..#
##....###...#...##.#...##
#......#....#..######.#####
####^..#..#....^..#######.##
#..#...^#..##^.###.......#


You could see Nikola.

Vanquished Creatures
  Aizul (Spider:1)
  An emperor scorpion (Spider:1)
  A dire elephant (Lair:5)
  An entropy weaver (Spider:1)
  A minotaur (Lab)
  The ghost of PsiRedEye22 the Severer, a journeyman HOFi of Xom (Orc:1)
  2 catoblepae
  2 two-headed ogres
  9 hydras
  An ogre mage (Orc:2)
  A deep troll shaman (Lair:6)
  8 death yaks
  5 orc high priests (Orc:2)
  The ghost of terra53 the Martial Artist, a novice OpTm of Gozag (D:8)
  An unseen horror (D:11)
  A swamp dragon (Lair:4)
  Pikel (D:7)
  9 orc knights
  2 orc sorcerers
  3 ugly things
  An oklob plant (Lair:1)
  A manticore (Lair:5)
  An orb spider (Spider:1)
  A wolf spider (Spider:1)
  2 cyclopes
  6 elephants
  6 black mambas
  A centaur skeleton (D:12)
  2 rime drakes
  6 spiny frogs
  6 komodo dragons
  A demonic crawler (Spider:1)
  3 trolls
  2 polar bears
  A troll (shapeshifter) (D:10)
  4 jumping spiders
  7 hippogriffs
  3 wyverns
  6 redbacks
  A tarantella (Spider:1)
  A human (D:10)
  4 basilisks
  26 yaks
  3 hogs (D:10)
  A hungry ghost (D:7)
  Edmund (D:4)
  2 wargs
  9 water moccasins
  Duvessa (D:6)
  46 orc warriors
  4 porcupines
  A swamp drake (D:12)
  2 sky beasts
  An eye of draining (D:11)
  3 phantoms
  4 slaves (D:7)
  2 ice beasts
  18 ogres
  12 wolves
  3 centaurs
  10 crocodiles
  2 big kobolds
  Blork the orc (D:6)
  20 bullfrogs
  A gnoll sergeant (D:7)
  Dowan (D:6)
  6 scorpions
  A wyvern skeleton (D:11)
  A water moccasin skeleton (D:8)
  21 killer bees
  12 wights
  An electric eel (Lair:5)
  A howler monkey (D:10)
  10 crimson imps
  A bullfrog zombie (D:5)
  2 centaur zombies
  6 hounds
  A jelly (D:10)
  4 bullfrog skeletons
  34 orc priests
  A quasit (D:12)
  4 iguanas
  18 orc wizards
  11 worker ants
  A hound skeleton (D:8)
  3 worker ant zombies
  14 gnolls
  A howler monkey skeleton (D:10)
  14 adders
  4 shadow imps
  A white imp (D:7)
  2 oozes
  An adder zombie (D:9)
  4 worms
  A dart slug (D:1)
  4 leopard geckos
  99 orcs
  8 bats
  5 giant cockroaches
  16 goblins
  8 hobgoblins
  9 jackals
  4 quokkas
  A ball python (D:1)
  8 frilled lizards
  A goblin skeleton (D:7)
  A goblin zombie (D:7)
  4 hobgoblin zombies (D:7)
  16 kobolds
  A kobold skeleton (D:7)
  A kobold zombie (D:7)
  A leopard gecko skeleton (D:6)
  An orc skeleton (D:7)
  An orc zombie (D:7)
  A quokka skeleton (D:4)
  10 rats
  3 fungi
  2 plants
678 creatures vanquished.

Vanquished Creatures (others)
  A death yak (Lair:6)
  7 centaurs (Bailey)
  4 orcs
  A kobold (D:5)
  A bush (Lair:6)
  9 fungi
  2 plants (Lair:6)
  6 toadstools (Lair:5)
31 creatures vanquished.

Grand Total: 709 creatures vanquished

Notes
Turn   | Place    | Note
-------+----------+-------------------------------------------
     0 | D:1      | Dharzhak the Minotaur Fighter began the quest for the Orb.
     0 | D:1      | Reached XP level 1. HP: 19/19 MP: 0/0
   123 | D:1      | Reached skill level 4 in Shields
   127 | D:1      | Reached XP level 2. HP: 16/27 MP: 1/1
   526 | D:1      | Reached XP level 3. HP: 33/33 MP: 2/2
  1180 | D:2      | Reached XP level 4. HP: 40/40 MP: 3/3
  1749 | D:3      | Reached XP level 5. HP: 31/46 MP: 4/4
  1912 | D:3      | Reached skill level 5 in Shields
  1947 | D:3      | Reached skill level 5 in Axes
  2571 | D:3      | Reached skill level 1 in Dodging
  2659 | D:3      | Reached XP level 6. HP: 34/53 MP: 5/5
  3234 | D:4      | Found a sacrificial altar of Ru.
  3274 | D:4      | Noticed Edmund
  3285 | D:4      | Reached XP level 7. HP: 51/60 MP: 6/6
  3298 | D:4      | Killed Edmund
  3298 | D:4      | Reached skill level 6 in Shields
  3667 | D:4      | Reached skill level 5 in Armour
  3998 | D:5      | Entered Level 5 of the Dungeon
  4211 | D:5      | Found Vegaal's Gadget Boutique.
  4460 | D:5      | Found a snail-covered altar of Cheibriados.
  4601 | D:5      | Reached skill level 7 in Shields
  4681 | D:5      | Reached XP level 8. HP: 67/67 MP: 7/7
  4712 | D:6      | Found a staircase to the Ecumenical Temple.
  4758 | Temple   | Entered the Ecumenical Temple
  4778 | Temple   | Became a worshipper of Gozag Ym Sagoz the Greedy
  4915 | D:6      | Reached skill level 5 in Fighting
  5003 | D:6      | Noticed Dowan
  5010 | D:6      | Noticed Duvessa
  5022 | D:6      | Killed Duvessa
  5028 | D:6      | Killed Dowan
  5137 | D:6      | Reached skill level 8 in Shields
  5160 | D:6      | Found a basalt altar of Yredelemnul.
  5395 | D:6      | Noticed Blork the orc
  5404 | D:6      | Killed Blork the orc
  5815 | D:7      | Found a shimmering altar of Xom.
  5830 | D:7      | Noticed Pikel
  5854 | D:7      | Killed Pikel
  5854 | D:7      | Reached XP level 9. HP: 53/75 MP: 8/8
  5902 | D:7      | Reached skill level 9 in Shields
  6225 | D:7      | Found a glowing golden altar of the Shining One.
  6293 | D:7      | Reached skill level 10 in Axes
  7155 | D:8      | Reached skill level 1 in Stealth
  7176 | D:8      | Noticed a two-headed ogre
  7185 | D:8      | Killed a two-headed ogre
  7185 | D:8      | Reached XP level 10. HP: 35/86 MP: 9/9
  7463 | D:8      | Noticed terra53's ghost (novice OpTm)
  7494 | D:8      | Killed terra53's ghost
  7494 | D:8      | Reached skill level 10 in Shields
  7895 | D:8      | Found a shattered altar of Ashenzari.
  7923 | D:8      | Found a sparkling altar of Nemelex Xobeh.
  8075 | D:8      | Found Buikk's Armour Shoppe.
  8214 | D:8      | Found a deep blue altar of Sif Muna.
  8605 | D:8      | Found a bloodstained altar of Trog.
  8605 | D:8      | Found a shimmering altar of Xom.
  8697 | D:9      | Found a hazy altar of Hepliaklqana.
  9346 | D:10     | Entered Level 10 of the Dungeon
  9365 | D:10     | Identified Tawostaj's Compendium of Poisonous Weightlessness
  9431 | D:10     | Found an opulent altar of Gozag.
  9438 | D:10     | Reached skill level 11 in Shields
  9587 | D:10     | Found Liyc Buo's Magic Scroll Shoppe.
  9597 | D:10     | Bought a scroll of teleportation for 45 gold pieces
  9597 | D:10     | Bought a scroll of identify for 30 gold pieces
  9597 | D:10     | Bought a scroll of identify for 30 gold pieces
  9597 | D:10     | Bought a scroll of identify for 30 gold pieces
  9597 | D:10     | Bought a scroll of blinking for 112 gold pieces
  9597 | D:10     | Bought a scroll of magic mapping for 52 gold pieces
  9597 | D:10     | Bought a scroll of magic mapping for 52 gold pieces
  9597 | D:10     | Bought a scroll of recharging for 142 gold pieces
  9597 | D:10     | Bought 2 scrolls of noise for 30 gold pieces
  9602 | D:10     | Gained mutation: You are partially covered in large bone plates. (SH +4) [potion of mutation]
  9602 | D:10     | Gained mutation: You are partially covered in rugged brown scales. (AC +1, +3% HP) [potion of mutation]
  9602 | D:10     | Gained mutation: Scrolls take you a little longer to read. [potion of mutation]
  9964 | D:10     | Reached XP level 11. HP: 81/97 MP: 10/10
 10502 | D:11     | Found a flagged portal.
 10574 | Bailey   | Entered a bailey
 10959 | Bailey   | Reached skill level 12 in Shields
 11758 | D:11     | Noticed a cyan ugly thing
 11779 | D:11     | Killed a cyan ugly thing
 12580 | D:11     | Reached skill level 10 in Fighting
 12580 | D:11     | Reached skill level 1 in Throwing
 12580 | D:11     | Reached skill level 10 in Armour
 12580 | D:11     | Reached skill level 13 in Shields
 12580 | D:11     | Reached XP level 12. HP: 109/109 MP: 11/11
 12680 | D:11     | Got a faintly glowing falchion
 12681 | D:11     | Identified the +6 falchion of the Doomed Warrior {freeze, rF++ MR- Dex+4} (You found it on level 11 of the Dungeon)
 12844 | D:11     | Found a staircase to the Lair.
 13219 | Lair:1   | Entered Level 1 of the Lair of Beasts
 13270 | Lair:1   | Reached skill level 1 in Long Blades
 13488 | Lair:1   | Reached XP level 13. HP: 106/116 MP: 12/12
 13531 | Lair:1   | Reached skill level 14 in Shields
 13845 | Lair:1   | Found a shadowy altar of Dithmenos.
 14187 | Lair:2   | Got a fine hand crossbow
 14197 | Lair:2   | Identified the +12 hand crossbow of Yssibrys {elec, +Blink rPois Str-3 Dex+5} (You found it on level 2 of the Lair of Beasts)
 15374 | Lair:3   | Found a hole to the Spider Nest.
 15731 | Lair:3   | You fall through a shaft for 3 floors!
 15731 | Lair:6   | Entered Level 6 of the Lair of Beasts
 15860 | Lair:4   | Learned a level 1 spell: Infusion
 15863 | Lair:4   | Learned a level 2 spell: Shroud of Golubria
 15866 | Lair:4   | Learned a level 2 spell: Song of Slaying
 15870 | Lair:4   | Learned a level 3 spell: Spectral Weapon
 15874 | Lair:4   | Learned a level 3 spell: Regeneration
 16174 | Lair:3   | Identified the Incunabulum of Lightness and the Entourage
 16274 | Lair:3   | Reached skill level 1 in Crossbows
 17123 | Lair:4   | Found a staircase to the Swamp.
 18184 | Lair:5   | Learned a level 2 spell: Repel Missiles
 18276 | Lair:5   | Reached skill level 1 in Spellcasting
 18448 | Lair:5   | Reached skill level 1 in Charms
 18454 | Lair:5   | Reached skill level 15 in Shields
 18866 | Lair:5   | Found a runed door.
 19198 | Lair:5   | Noticed a dire elephant
 19285 | Lair:5   | Killed a dire elephant
 19593 | Lair:5   | Got a shimmering rapier
 19594 | Lair:5   | Identified the +6 rapier "Murer" {venom, Str+4} (You found it on level 5 of the Lair of Beasts)
 19953 | Lair:6   | Identified the Handbook of the Mountains and the Arsonist
 20070 | Lair:6   | Reached skill level 5 in Long Blades
 20070 | Lair:6   | Reached XP level 14. HP: 119/127 MP: 14/16
 20746 | Lair:6   | Found a viscous altar of Jiyva.
 20746 | Lair:6   | Found a staircase to the Slime Pits.
 21421 | D:12     | Found a labyrinth entrance.
 21436 | Lab      | Entered a labyrinth
 22762 | Lab      | Got a flickering sapphire amulet
 22767 | Lab      | Identified the amulet "Nedweeti" {Reflect rF- Str+8 Dex+4 SH+3} (You found it in a labyrinth)
 23177 | D:12     | Found a staircase to the Orcish Mines.
 23351 | Orc:1    | Entered Level 1 of the Orcish Mines
 23408 | Orc:1    | Found a radiant altar of Vehumet.
 23701 | Orc:1    | Noticed PsiRedEye22's ghost (journeyman HOFi)
 23727 | Orc:1    | Killed PsiRedEye22's ghost
 24166 | Orc:1    | Found Hidghewa's Food Shop.
 24191 | Orc:1    | Learned a level 6 spell: Deflect Missiles
 24198 | Orc:1    | Bought 2 fruits for 33 gold pieces
 24198 | Orc:1    | Bought a bread ration for 55 gold pieces
 24198 | Orc:1    | Bought a meat ration for 55 gold pieces
 24198 | Orc:1    | Bought a fruit for 16 gold pieces
 24198 | Orc:1    | Bought a meat ration for 55 gold pieces
 24198 | Orc:1    | Bought a meat ration for 55 gold pieces
 24198 | Orc:1    | Bought a bread ration for 55 gold pieces
 24198 | Orc:1    | Bought a bread ration for 55 gold pieces
 24198 | Orc:1    | Bought a meat ration for 55 gold pieces
 24198 | Orc:1    | Bought a bread ration for 55 gold pieces
 24198 | Orc:1    | Bought 2 fruits for 33 gold pieces
 24198 | Orc:1    | Bought a meat ration for 55 gold pieces
 24381 | Orc:2    | Entered Level 2 of the Orcish Mines
 24571 | Orc:2    | Found a staircase to the Elven Halls.
 24970 | Orc:2    | Reached skill level 5 in Crossbows
 25163 | Orc:2    | Reached skill level 16 in Shields
 25245 | Orc:2    | Gained mutation: Your body sometimes deteriorates upon taking damage. [a neqoxec]
 25443 | Orc:2    | Reached XP level 15. HP: 107/135 MP: 19/19
 25795 | Orc:2    | Found Tyukom's Distillery.
 25799 | Orc:2    | Found Puyxilut's Armour Shop.
 25799 | Orc:2    | Found Dohor's Distillery.
 25800 | Orc:2    | Found Ceasm's Distillery.
 25810 | Orc:2    | Bought a potion of curing for 42 gold pieces
 25810 | Orc:2    | Bought a potion of curing for 42 gold pieces
 25810 | Orc:2    | Bought a potion of cure mutation for 350 gold pieces
 25810 | Orc:2    | Bought a potion of haste for 140 gold pieces
 25810 | Orc:2    | Bought a potion of beneficial mutation for 490 gold pieces
 25810 | Orc:2    | Bought 2 potions of curing for 84 gold pieces
 25810 | Orc:2    | Bought a potion of curing for 42 gold pieces
 25846 | Orc:2    | Gained mutation: Your movements are slightly less encumbered by armour. (ER -2) [potion of beneficial mutation]
 25849 | Orc:2    | Bought a potion of resistance for 150 gold pieces
 25849 | Orc:2    | Bought a potion of heal wounds for 75 gold pieces
 25849 | Orc:2    | Bought a potion of heal wounds for 75 gold pieces
 25849 | Orc:2    | Bought a potion of curing for 45 gold pieces
 25849 | Orc:2    | Bought 2 potions of curing for 90 gold pieces
 25849 | Orc:2    | Bought a potion of haste for 150 gold pieces
 25849 | Orc:2    | Bought a potion of curing for 45 gold pieces
 25849 | Orc:2    | Bought a potion of curing for 45 gold pieces
 25849 | Orc:2    | Bought a potion of flight for 45 gold pieces
 25851 | Orc:2    | Bought 2 potions of flight for 90 gold pieces
 25859 | Orc:2    | Bought 2 potions of flight for 108 gold pieces
 25859 | Orc:2    | Bought a potion of mutation for 45 gold pieces
 25859 | Orc:2    | Bought a potion of cancellation for 144 gold pieces
 25859 | Orc:2    | Bought a potion of beneficial mutation for 630 gold pieces
 25859 | Orc:2    | Bought a potion of might for 72 gold pieces
 25861 | Orc:2    | Gained mutation: Your flesh is cold resistant. (rC+) [potion of beneficial mutation]
 25862 | Orc:2    | Gained mutation: Your system is resistant to poisons. (rPois) [potion of mutation]
 25862 | Orc:2    | Gained mutation: You are covered in fur. (AC +1) [potion of mutation]
 26148 | Spider:1 | Entered Level 1 of the Spider Nest
 27023 | Spider:1 | Noticed Aizul
 27061 | Spider:1 | Killed Aizul
 27781 | Spider:1 | Noticed Nikola
 27799 | Spider:1 | Killed from afar by Nikola

Vault maps used:
D:1:      kennysheep_arrival_seaside, st_stairs_9
D:2:      minmay_door_path
D:3:      first_bread
D:4:      nicolae_ru_the_path_less_chosen, uniq_edmund
D:5:      serial_shops, nicolae_shop_temple_entry_statues_fountains,
          cheibriados_altar_wand_db
D:6:      yredelemnul_altar_generic, uniq_duvessa, uniq_blork_the_orc
D:7:      nicolae_tso_besieged_by_evil, brannock_xom_greatest_gift, uniq_pikel
D:8:      old_standard_altar, nicolae_overflow_crystal_walls, led_sif_pool,
          gammafunk_temple_overflow_statue, serial_shops, shop
D:9:      overflow_temple_1_default
D:10:     serial_shops, shop, grunt_livestock, grunt_gozag_statues
D:11:     lair_entry_dummy, enter_bailey_3
D:12:     erik_orc_1, lab_entry_generic
Temple:   nicolae_temple_god_jail
Lair:1:   lemuel_oklob_altar, lemuel_fruit_tree
Lair:2:   serial_bayou_shore_b
Lair:3:   nicolae_spider_entry_tight_spaces
Lair:4:   minmay_swamp_entry_reptiles
Lair:5:   gammafunk_lair_enchanted_lake
Lair:6:   grunt_lair_end_beastmaster, slime_altar_1
Spider:1: nicolae_spider_mines_1, uniq_nikola, uniq_aizul
Orc:1:    basic_altar, serial_shops, nicolae_shop_stone
Orc:2:    st_orc_pillars, nicolae_orc_damp_corner, mines4_lemuel
Lab:      lab_statue, labyrinth_skeletal_remains, nicolae_lab_dead_end,
          nicolae_lab_plus, nicolae_lab_hexagon, nicolae_lab_stuck
Bailey:   bailey_polearm_flooded_kennysheep, bailey

Skill      XL: |  1  2  3  4  5  6  7  8  9 10 11 12 13 14 15 |
---------------+----------------------------------------------+-----
Shields        | 4 5 7 8 9 11 13 15 16 | 16.3
Fighting       | 4 6 7 8 10 11 12 | 12.0
Axes           | 3 4 5 6 7 9 10 12 13 14 | 14.9
Armour         | 4 5 6 8 9 10 11 12 | 12.0
Dodging        | 1 2 3 4 |  4.2
Stealth        | 1 2 3 |  3.7
Maces & Flails | 2 3 |  3.9
Throwing       | 1 |  1.9
Unarmed Combat | 2 |  2.0
Long Blades    | 1 5 6 7 |  7.0
Crossbows      | 3 5 |  5.7
Spellcasting   | 2 3 4 |  4.1
Charms         | 2 3 4 |  4.2
Evocations     | |  0.3

Action                   |  1- 3 |  4- 6 |  7- 9 | 10-12 | 13-15 || total
-------------------------+-------+-------+-------+-------+-------++-------
Melee: War axe           |    92 |   136 |   352 |   637 |   312 ||  1529
       Headbutt          |    10 |    12 |    82 |   144 |   385 ||   633
       Falchion          |       |       |       |    45 |   725 ||   770
       Flail             |       |       |       |       |    54 ||    54
 Fire: Hand crossbow     |       |       |       |       |   207 ||   207
Invok: Potion Petition   |       |       |     1 |       |     2 ||     3
Evoke: Wand              |       |       |       |       |     4 ||     4
  Use: Scroll            |       |     3 |     8 |     9 |    20 ||    40
       Potion            |       |       |       |     3 |    28 ||    31
 Stab: Distracted        |       |       |       |     4 |    11 ||    15
       Petrified         |       |       |       |       |    45 ||    45
       Confused          |       |       |       |       |     1 ||     1
  Eat: Chunk             |     1 |     7 |     5 |       |       ||    13
       Bread ration      |       |       |     2 |     2 |     1 ||     5
       Pizza             |       |       |       |     1 |       ||     1
       Fruit             |       |       |       |     6 |    13 ||    19
       Meat ration       |       |       |       |     2 |     5 ||     7
       Beef jerky        |       |       |       |       |     1 ||     1
Armor: Scale mail        |    32 |    48 |    36 |       |       ||   116
       Chain mail        |       |       |    54 |       |       ||    54
       Plate armour      |       |       |    35 |   133 |       ||   168
       Crystal plate arm |       |       |       |   169 |   526 ||   695
Dodge: Dodged            |    20 |    30 |    55 |    64 |   132 ||   301
Block: Shield            |    45 |    90 |       |       |       ||   135
       Large shield      |       |    33 |   388 |   962 |  1443 ||  2826
       Reflection        |       |       |    15 |    51 |    17 ||    83
       Rpst.: Falchion   |       |       |       |     1 |     9 ||    10
